 Dungeon Sprint DCSS version 0.21-a0-404-g291f19a (webtiles) character file.

315 minicreteconcrete the Thaumaturge (level 6, -1/37 HPs)
             Began as a Deep Elf Warper on Oct 27, 2017.
             Was a Priest of Sif Muna.
             Slain by a small abomination (11 damage)
             ... in the Dungeon (Sprint VII: "The Pits").
             The game lasted 00:09:47 (1746 turns).

minicreteconcrete the Thaumaturge (Deep Elf Warper) Turns: 1746, Time: 00:09:48

Health: -1/37      AC:  3    Str:  8    XL:     6   Next: 20%
Magic:  1/19       EV: 14    Int: 20    God:    Sif Muna [***...]
Gold:   0          SH:  0    Dex: 14    Spells: 11/21 levels left

rFire    . . .     SeeInvis .   a - +2 trident (pierce)
rCold    . . .     Gourm    .   (no shield)
rNeg     . . .     Faith    .   p - +0 leather armour
rPois    .         Spirit   .   (no helmet)
rElec    .         Reflect  .   (no cloak)
rCorr    .         Harm     .   (no gloves)
MR       .....     NoTele   +   (no boots)
Stlth    ++........             (no amulet)
HPRegen  0.12/turn              (no ring)
MPRegen  0.16/turn              (no ring)

@: divine energy
A: no striking features
a: Stop Divine Energy, Channel Magic, Renounce Religion


You were in the Dungeon.
You worshipped Sif Muna.
Sif Muna was most pleased with you.
You were not hungry.

You visited 1 branch

Inventory:

Hand Weapons
 a - a +2 trident of piercing (weapon)
 l - a +2 quarterstaff
 m - a +0 short sword
 w - a +2 trident
Missiles
 e - 3 tomahawks of dispersal (quivered)
 o - 15 stones
Armour
 p - a +0 leather armour (worn)
Magical Staves
 b - an uncursed staff of energy
Scrolls
 d - 2 scrolls of blinking
 q - 3 scrolls of remove curse
 r - 5 scrolls of amnesia
 s - a scroll of summoning
 t - 2 scrolls of vulnerability
Potions
 g - 6 potions of curing
 i - a potion of haste
 j - 4 potions of magic
 k - a potion of berserk rage
 n - a potion of invisibility
 x - 4 potions of heal wounds
Books
 c - a book of Spatial Translocations

   Spells                             Type                      Level
   a - Blink                          Translocation                2
   b - Shroud of Golubria             Charms/Translocation         2
   c - Lesser Beckoning               Translocation                3
   d - Gell's Gravitas                Translocation                3
   e - Teleport Other                 Translocation                3
   f - Passage of Golubria            Translocation                4
Comestibles
 f - 7 bread rations
 u - 40 fruits
 v - 7 meat rations


   Skills:
 + Level 3.2 Fighting
 + Level 3.3 Short Blades
 + Level 4.3 Polearms
 + Level 1.3 Throwing
 - Level 2.2 Armour
 + Level 4.7 Dodging
 + Level 2.9 Stealth
 + Level 8.3 Spellcasting
 + Level 3.3 Charms
 + Level 5.8 Translocations
 * Level 4.4 Invocations
 + Level 3.0 Evocations


You had 11 spell levels left.
You knew the following spells:

 Your Spells              Type           Power        Failure   Level  Hunger
a - Shroud of Golubria    Chrm/Tloc      ####......   2%          2    None
b - Blink                 Tloc           N/A          1%          2    None
c - Gell's Gravitas       Tloc           ####......   3%          3    None
d - Teleport Other        Tloc           ####....     3%          3    None


Dungeon Overview and Level Annotations

Branches:
Dungeon (1/1)

Altars:
Ashenzari
Cheibriados
Dithmenos
Elyvilon
Fedhas
Gozag
Hepliaklqana
Kikubaaqudgha
Makhleb
Nemelex Xobeh
Okawaru
Qazlal
Ru
Sif Muna
Trog
Uskayaw
Vehumet
Wu Jian
Xom
Yredelemnul
Zin
The Shining One
Beogh
Jiyva
Lugonu


Message History

The small abomination closely misses you.
You barely miss the small abomination.
The small abomination is lightly damaged.
The small abomination hits you.
The crimson imp blinks!
You barely miss the small abomination.
The small abomination is lightly damaged.
The small abomination misses you.
You hit the small abomination but do no damage.
The small abomination is lightly damaged.
The small abomination hits you.
* * * LOW HITPOINT WARNING * * *
Casting: Gell's Gravitas
Confirm with . or Enter, or press ? or * to list all spells.
Aiming: Gell's Gravitas
Press: ? - help, Dir - move target cursor, f - crimson imp, p - small abomination
Aim: a crimson imp Gravity reorients around the crimson imp.
The small abomination collides with the crimson imp!
The small abomination hits you!
You die...

#.#.....#[[##......
#.#....)#'###...<..
#.#........##......
#.#........##......
#'###########......
#.......#.. #######
#..#.#..#.# ####
#.##.##.#)#....#
#.@x5...#)#....#
#.##.##.#.'§...+
#..#.#..#§#
#.......'.#
###########


You could see a small abomination and a crimson imp.

Vanquished Creatures
  An acid dragon (D)
  A wight (D)
  An orc priest (D)
  A gnoll shaman (D)
  An orc wizard (D)
  3 gnolls (D)
  2 river rats (D)
  An ufetubus (D)
  An adder zombie (D)
  3 worms (D)
  A leopard gecko (D)
  An orc (D)
  A bat skeleton (D)
  A kobold (D)
  A bat (D)
  A leopard gecko zombie (D)
21 creatures vanquished.

Notes
Turn   | Place    | Note
-------+----------+-------------------------------------------
     0 | D        | minicreteconcrete the Deep Elf Warper began the quest for the Orb.
     0 | D        | Reached XP level 1. HP: 12/12 MP: 6/6
    45 | D        | Found a bloodstained altar of Trog.
    45 | D        | Found a deep blue altar of Sif Muna.
    45 | D        | Found a viscous altar of Jiyva.
    45 | D        | Found a hazy altar of Hepliaklqana.
    45 | D        | Found an opulent altar of Gozag.
    46 | D        | Found a glowing golden altar of the Shining One.
    46 | D        | Found a glowing silver altar of Zin.
    46 | D        | Found a basalt altar of Yredelemnul.
    46 | D        | Found a shimmering altar of Xom.
    46 | D        | Found an ornate altar of the Wu Jian Council.
    46 | D        | Found a sacrificial altar of Ru.
    46 | D        | Found a stormy altar of Qazlal.
    46 | D        | Found an iron altar of Okawaru.
    46 | D        | Found a sparkling altar of Nemelex Xobeh.
    46 | D        | Found a burning altar of Makhleb.
    46 | D        | Found a blossoming altar of Fedhas.
    46 | D        | Found a white marble altar of Elyvilon.
    46 | D        | Found a shadowy altar of Dithmenos.
    46 | D        | Found a snail-covered altar of Cheibriados.
    47 | D        | Found a radiant altar of Vehumet.
    47 | D        | Found a corrupted altar of Lugonu.
    47 | D        | Found a roughly hewn altar of Beogh.
    48 | D        | Found an ancient bone altar of Kikubaaqudgha.
    48 | D        | Found a hide-covered altar of Uskayaw.
    48 | D        | Found a shattered altar of Ashenzari.
    49 | D        | Became a worshipper of Sif Muna the Loreminder
   170 | D        | Reached skill level 4 in Spellcasting
   170 | D        | Reached XP level 2. HP: 18/18 MP: 7/9
   174 | D        | Learned a level 2 spell: Blink
   177 | D        | Learned a level 2 spell: Shroud of Golubria
   192 | D        | Reached * piety under Sif Muna
   215 | D        | Reached skill level 1 in Polearms
   215 | D        | Reached skill level 1 in Armour
   368 | D        | Reached XP level 3. HP: 19/22 MP: 11/11
   377 | D        | Learned a level 3 spell: Gell's Gravitas
   381 | D        | Learned a level 3 spell: Teleport Other
   473 | D        | Noticed an orc warrior
   487 | D        | Reached skill level 5 in Spellcasting
   487 | D        | Reached skill level 1 in Charms
   552 | D        | Reached ** piety under Sif Muna
   552 | D        | Reached skill level 6 in Spellcasting
   552 | D        | Reached XP level 4. HP: 7/28 MP: 1/14
   873 | D        | Noticed a necrophage
   895 | D        | Reached skill level 7 in Spellcasting
   895 | D        | Reached skill level 5 in Translocations
   895 | D        | Reached skill level 1 in Invocations
   895 | D        | Reached skill level 1 in Evocations
  1181 | D        | Reached skill level 1 in Stealth
  1181 | D        | Reached XP level 5. HP: 9/32 MP: 16/16
  1619 | D        | Noticed an acid dragon
  1632 | D        | Killed an acid dragon
  1632 | D        | Reached *** piety under Sif Muna
  1632 | D        | Reached skill level 8 in Spellcasting
  1641 | D        | Reached XP level 6. HP: 37/37 MP: 12/19
  1719 | D        | Noticed a wyvern
  1746 | D        | Slain by a small abomination

Vault maps used:
D:        pitsprint

Skill      XL: |  1  2  3  4  5  6 |
---------------+-------------------+-----
Fighting       | 2 3 |  3.2
Short Blades   | 3 |  3.3
Dodging        | 3 4 |  4.7
Spellcasting   | 4 6 7 8 |  8.3
Polearms       | 1 2 3 4 |  4.3
Armour         | 1 2 |  2.2
Charms         | 2 3 |  3.3
Translocations | 4 5 |  5.8
Invocations    | 1 3 4 |  4.4
Evocations     | 1 2 3 |  3.0
Stealth        | 1 2 |  2.9
Throwing       | |  1.3

Action                   |  1- 3 |  4- 6 || total
-------------------------+-------+-------++-------
Melee: Trident           |    46 |    61 ||   107
       Short sword       |     1 |       ||     1
Throw: Tomahawk          |     2 |       ||     2
 Cast: Shroud of Golubri |     7 |     7 ||    14
       Teleport Other    |     3 |    10 ||    13
       Blink             |     3 |     1 ||     4
       Gell's Gravitas   |     1 |    13 ||    14
Invok: Divine Energy     |     1 |       ||     1
Evoke: Staff of energy   |       |    18 ||    18
  Use: Potion            |     2 |     3 ||     5
 Stab: Sleeping          |     1 |     2 ||     3
  Eat: Bread ration      |       |     1 ||     1
Armor: Leather armour    |     6 |     5 ||    11
Dodge: Dodged            |    24 |    46 ||    70

Table legend:
 A = Spawn XP
 B = Non-spawn XP
 C = Spawn XP percentage of total XP
 D = Spawn monster count
 E = Non-spawn monster count
 F = Spawn count percentage of total count
 G = Total turns spent on level
                    A         B        C        D         E        F      G
               +---------+---------+-------+---------+---------+-------+---------
         Total |       0 |     451 |   0.0 |       0 |      21 |   0.0 |  1746
               +---------+---------+-------+---------+---------+-------+---------
             D |       0 |     451 |   0.0 |       0 |      21 |   0.0 |  1746
               +---------+---------+-------+---------+---------+-------+---------
